 Dungeon Crawl Stone Soup version 0.29.1-1-gd02db6906a (webtiles) character file.

Game seed: 17434012476632968473

1323 safid the Skirmisher (level 8, -3/94 HPs)
             Began as a Minotaur Hunter on Oct 7, 2022.
             Was a Follower of Okawaru.
             Slain by an orc warrior
             ... wielding a +0 dire flail
              (10 damage)
             ... on level 6 of the Dungeon.
             The game lasted 00:07:47 (4949 turns).

safid the Skirmisher (Minotaur Hunter)              Turns: 4949, Time: 00:07:48

Health: -3/94      AC: 24    Str: 16    XL:     8   Next: 33%
Magic:  7/7        EV:  2    Int:  8    God:    Okawaru [*.....]
Gold:   86         SH:  0    Dex: 18    Spells: 7/7 levels left

rFire   x . .      SeeInvis .   s - +7 sling of the Hills {speed, rElec rF- Int+2 Dex+2}
rCold   + . .      Faith    .   (no shield)
rNeg    . . .      Spirit   .   (body armour currently unavailable)
rPois   +          Reflect  .   (helmet currently unavailable)
rElec   +          Harm     .   (cloak currently unavailable)
rCorr   .          Rampage  .   (gloves currently unavailable)
Will    .....      NoTele   +   (boots currently unavailable)
Stlth   ++........              u - amulet of regeneration
HPRegen 1.05/turn               d - ring of protection from cold
MPRegen 0.10/turn               v - ring of flight

@: tree-form
A: stationary, stasis, torment immunity, boosted hp, (horns 2), (retaliatory
headbutt)
a: Renounce Religion, Heroism


You were on level 6 of the Dungeon.
You worshipped Okawaru.
Okawaru was aware of your devotion.
You were a tree.
You visited 1 branch of the dungeon, and saw 6 of its levels.

You collected 268 gold pieces.
You spent 182 gold pieces at shops.

Inventory:

Hand Weapons
 a - a +0 shortbow
 s - the +7 sling of the Hills (weapon) {speed, rElec rF- Int+2 Dex+2}
   (You bought it in a shop on level 2 of the Dungeon)

   Attacks with this weapon are significantly faster.
   Int:       It affects your intelligence (+2).
   Dex:       It affects your dexterity (+2).
   rF:        It makes you vulnerable to fire.
   rElec:     It insulates you from electricity.
Missiles
 e - 5 javelins
 f - a throwing net
 n - 5 silver javelins
Armour
 c - a +0 leather armour (melded)
 x - a +0 pair of gloves (melded)
Jewellery
 b - an amulet of reflection
 d - a ring of protection from cold (left branch)
 u - an amulet of regeneration (around neck)
 v - a ring of flight (right branch)
Wands
 y - a wand of flame (28)
Scrolls
 h - 5 scrolls of teleportation
 i - 2 scrolls of enchant armour
 j - 2 scrolls of magic mapping
 o - 2 scrolls of amnesia
 z - a scroll of summoning {unknown}
 A - a scroll of blinking {unknown}
 B - a scroll of torment {unknown}
 C - 2 scrolls of fear {unknown}
Potions
 g - 3 potions of flight
 k - a potion of mutation {unknown}
 m - a potion of lignification
 p - a potion of curing {unknown}
 q - 2 potions of magic {unknown}
 t - 2 potions of invisibility {unknown}
 w - a potion of brilliance {unknown}
 D - 2 potions of resistance {unknown}


   Skills:
 - Level 3.0 Fighting
 + Level 11.8 Ranged Weapons
 - Level 2.1 Dodging
 - Level 0.7 Stealth


You had 7 spell levels left.
You didn't know any spells.
Your spell library contained the following spells:

 Spells                   Type           Power      Damage    Failure   Level
 Freeze                   Ice            0%         1d3       41%         1
 Frozen Ramparts          Ice            0%         1d1       78%         3
 Fulminant Prism          Conj/Hex       0%         3d6       99%         4
 Hailstorm                Conj/Ice       0%         3d3       99%         4
 Iskenderun's Mystic Bla  Conj/Tloc      0%         2d3       99%         4
 Lee's Rapid Deconstruct  Erth           0%         3d5*      100%        5


Dungeon Overview and Level Annotations

Branches:
Dungeon (6/15)             Temple (0/1) D:5

Altars:
Gozag
Okawaru
Sif Muna
Trog
Vehumet
Yredelemnul
The Shining One

Shops:
D:2 (   D:4 *   D:5 (


Innate Abilities, Weirdness & Mutations

You are a tree.
Your roots penetrate the ground, keeping you stationary.
You cannot be teleported.
You are immune to unholy pain and torment.
Your maximum health is greatly increased.
Your equipment is partially melded.
((You have a pair of horns on your head.))
((You reflexively headbutt those who attack you in melee.))


Message History

You are too injured to fight recklessly!
You are too injured to fight recklessly!
You are too injured to fight recklessly!
You are too injured to fight recklessly!
You are too injured to fight recklessly!
You are too injured to fight recklessly!
You are too injured to fight recklessly!
You are too injured to fight recklessly!
You are too injured to fight recklessly!
You are too injured to fight recklessly!
You are too injured to fight recklessly!
You are too injured to fight recklessly!
You are too injured to fight recklessly!
You are too injured to fight recklessly!
You are too injured to fight recklessly!
You are too injured to fight recklessly!
You are too injured to fight recklessly!
Unknown command.
Fire: s) +7 sling of the Hills {speed, rElec rF- Int+2 Dex+2}
Press: ? - help, Q - select action, (/) - cycle Shift-Dir - straight line, f/p - orc warrior
Aim: an orc warrior, wielding a +0 dire flail and wearing a +0 plate armour (severely wounded, 71% to hit)
You shoot a sling bullet.
The sling bullet barely misses the orc warrior.
Fire: s) +7 sling of the Hills {speed, rElec rF- Int+2 Dex+2}
Press: ? - help, Q - select action, (/) - cycle Shift-Dir - straight line, f/p - orc warrior
Aim: an orc warrior, wielding a +0 dire flail and wearing a +0 plate armour (severely wounded, 71% to hit)
You shoot a sling bullet.
The sling bullet closely misses the orc warrior.
The orc warrior hits you with a +0 dire flail!
* * * LOW HITPOINT WARNING * * *
It was a potion of flight.
You feel more buoyant.
The orc warrior hits you with a +0 dire flail!
* * * LOW HITPOINT WARNING * * *
It was a potion of lignification.
You turn into a tree.
Your +0 pair of gloves melds into your body.
Your +0 leather armour melds into your body.
Your roots penetrate the ground.
The orc warrior hits you with a +0 dire flail!
You die...

..)..# ).... ....#
... ... #)# #o#
##♣## #.#####...#
#.........#
#######...# #...#
#...####### #######
#.........# #......
#.........# #......
#.........###..§§≈≈


You could see an orc warrior.

Vanquished Creatures
  Grinder (D:3)
  4 black bears (D:5)
  An ice beast (D:5)
  A centaur (D:6)
  An ogre (D:3)
  A phantom (D:4)
  A howler monkey (D:5)
  A jelly (D:5)
  A hound (D:5)
  2 iguanas
  2 orc wizards
  11 adders
  A shadow imp (D:5)
  2 worms (D:3)
  5 dart slugs
  23 orcs
  7 ball pythons
  4 endoplasms
  3 giant cockroaches
  9 hobgoblins
  5 jackals
  4 quokkas
  5 bats (D:2)
  7 frilled lizards
  2 goblins (D:3)
  5 kobolds
  6 rats
115 creatures vanquished.

Notes
Turn   | Place    | Note
-------+----------+-------------------------------------------
     0 | D:1      | safid the Minotaur Hunter began the quest for the Orb.
     0 | D:1      | Reached XP level 1. HP: 18/18 MP: 0/0
     9 | D:1      | Noticed an ogre
    97 | D:1      | Reached XP level 2. HP: 26/26 MP: 1/1
   280 | D:1      | Found a faded altar of an unknown god.
  1004 | D:2      | Reached skill level 5 in Ranged Weapons
  1016 | D:2      | Reached XP level 3. HP: 28/31 MP: 2/2
  1348 | D:2      | Found Ras Seha's Antique Weapon Emporium.
  1553 | D:3      | Reached skill level 6 in Ranged Weapons
  1553 | D:3      | Reached XP level 4. HP: 38/38 MP: 3/3
  1699 | D:3      | Noticed an ogre
  1704 | D:3      | Noticed Grinder
  1963 | D:3      | Found an opulent altar of Gozag.
  1973 | D:3      | Found a basalt altar of Yredelemnul.
  2659 | D:3      | Killed an ogre
  2660 | D:3      | Reached skill level 7 in Ranged Weapons
  2660 | D:3      | Reached XP level 5. HP: 45/45 MP: 4/4
  2660 | D:3      | Paralysed by Grinder for 3 turns
  2668 | D:3      | Killed Grinder
  2669 | D:3      | Reached skill level 8 in Ranged Weapons
  2669 | D:3      | Reached XP level 6. HP: 27/51 MP: 5/5
  3186 | D:4      | Reached skill level 9 in Ranged Weapons
  3186 | D:4      | Reached XP level 7. HP: 51/57 MP: 6/6
  3258 | D:4      | Found an iron altar of Okawaru.
  3388 | D:2      | Bought a masterwork sling for 182 gold pieces
  3388 | D:2      | Identified the +7 sling of the Hills {speed, rElec rF-
                  | Int+2 Dex+2} (You bought it in a shop on level 2 of the
                  | Dungeon)
  3520 | D:4      | Became a worshipper of Warmaster Okawaru
  3585 | D:4      | Found Caterehy's Assorted Antiques.
  3921 | D:4      | Found a glowing golden altar of the Shining One.
  4036 | D:5      | Entered Level 5 of the Dungeon
  4074 | D:5      | Found Savoricu's Weapon Shop.
  4122 | D:5      | Reached skill level 10 in Ranged Weapons
  4174 | D:5      | Reached * piety under Okawaru
  4211 | D:5      | Found a bloodstained altar of Trog.
  4218 | D:5      | Reached skill level 11 in Ranged Weapons
  4218 | D:5      | Reached XP level 8. HP: 58/63 MP: 7/7
  4253 | D:5      | Found a radiant altar of Vehumet.
  4421 | D:5      | Found a staircase to the Ecumenical Temple.
  4858 | D:6      | Found a shimmering blue altar of Sif Muna.
  4949 | D:6      | Slain by an orc warrior

Illustrated notes

Levels and vault maps discovered:
D:1:      evilmike_arrival_come_back, layout_loops_corners,
          hellmonk_ecumenical_altar_heavens_door, minmay_misc_feat_alley
D:2:      layout_loops_cross, serial_shops, nicolae_shop_stone
D:3:      layout_rooms, mainiacjoe_overflow_big_doors, minmay_pentomino_pile,
          uniq_grinder
D:4:      layout_loops_ring, mainiacjoe_overflow_swirl, serial_shops,
          nicolae_stop_n_shop_1
D:5:      layout_rooms, trog_ov_bears_minmay, nicolae_overflow_crystal_walls,
          minmay_temple_entry_ruins, serial_shops, nicolae_shop_behind_doors,
          minivault_27, minivault_5
D:6:      layout_basic, mainiacjoe_overflow_catwalk

Skill      XL: |  1  2  3  4  5  6  7 |
---------------+----------------------+-----
Fighting       | 3 |  3.0
Ranged Weapons | 5 6 7 8 9 11 | 11.8
Dodging        | |  2.1
Stealth        | |  0.7

Action                   |  1- 3 |  4- 6 |  7- 9 || total
-------------------------+-------+-------+-------++-------
 Fire: Shortbow          |   111 |   153 |       ||   264
       Sling             |       |       |   138 ||   138
  Use: Scroll            |       |       |     6 ||     6
       Potion            |       |       |     2 ||     2
Armor: Leather armour    |    11 |    13 |     2 ||    26
Dodge: Dodged            |    19 |    42 |     9 ||    70
